 Dungeon Crawl Stone Soup version 0.18.1-6-gd335043 (webtiles) character file.

10871 shmeve the Cleaver (level 11, -7/154 HPs)
             Began as a Deep Dwarf Fighter on May 18, 2016.
             Was an Elder of Trog.
             Killed from afar by Harold (26 damage)
             ... with a bolt of fire
             ... on level 11 of the Dungeon.
             The game lasted 00:29:22 (6771 turns).

shmeve the Cleaver (Deep Dwarf Fighter)             Turns: 6771, Time: 00:29:22

Health: -7/154     AC: 16    Str: 31    XL:     11   Next: 41%
Magic:  13/13      EV: 10    Int:  9    God:    Trog [****..]
Gold:   596        SH: 15    Dex: 12    Spells: 0 memorised, 10 levels left

rFire  . . .     SeeInvis .     a - +0 war axe
rCold  . . .     Gourm    +     B - +0 plate armour
rNeg   . . .     Faith    .     m - +2 shield
rPois  .         Spirit   .     R - +0 helmet
rElec  .         Dismiss  .     i - +0 cloak
rCorr  .         Reflect  .     (no gloves)
SustAt .         Harm     .     (no boots)
MR     +....                    E - amulet of the gourmand
Stlth  ..........               (no ring)
                                M - +3 ring of strength

@: berserking, non-regenerating, very quick, somewhat resistant to hostile
enchantments, extremely unstealthy
A: damage resistance, recharge devices, sense surroundings 2, slow regeneration
3
a: Device Recharging, Berserk, Trog's Hand, Brothers in Arms, Burn Spellbooks,
Renounce Religion


You were on level 11 of the Dungeon.
You worshipped Trog.
Trog was greatly pleased with you.
You were not hungry.

You visited 2 branches of the dungeon, and saw 12 of its levels.
You also visited: Ossuary.

You collected 596 gold pieces.

Inventory:

Hand Weapons
 a - a +0 war axe (weapon)
Armour
 i - a +0 cloak (worn)
 m - a +2 shield (worn)
 B - a +0 plate armour (worn)
 R - a +0 helmet (worn)
Jewellery
 E - an amulet of the gourmand (around neck)
 M - a +3 ring of strength (left hand)
Wands
 e - a wand of heal wounds (1/9)
 r - a wand of heal wounds (6/9)
 D - a wand of digging (3/24)
 Q - a wand of disintegration (7/24)
Scrolls
 k - 2 scrolls of enchant armour {unknown}
 n - 2 scrolls of immolation {unknown}
 o - 3 scrolls of amnesia {unknown}
 p - 3 scrolls of teleportation {unknown}
 u - 3 scrolls of recharging
 x - 3 scrolls of remove curse
 y - a scroll of acquirement {unknown}
 F - a scroll of brand weapon {unknown}
 G - 4 scrolls of magic mapping {unknown}
 H - a scroll of noise {unknown}
 I - 2 scrolls of fog {unknown}
 J - a scroll of blinking {unknown}
 K - 3 scrolls of fear {unknown}
 P - 3 scrolls of identify
Potions
 b - 2 potions of lignification {unknown}
 c - 6 potions of ambrosia {unknown}
 d - a potion of cancellation {unknown}
 h - a potion of resistance {unknown}
 j - a potion of magic {unknown}
 l - 4 potions of agility
 s - 2 potions of berserk rage
 t - 4 potions of brilliance
 A - 6 potions of curing
 C - a potion of mutation {unknown}
 L - 2 potions of might
Comestibles
 f - 11 bread rations
 g - 5 royal jellies
 w - 7 slices of pizza
 z - a beef jerky
 N - 12 fruits
 O - 3 meat rations


   Skills:
 * Level 8.0 Fighting
 * Level 10.0 Axes
 + Level 7.9 Armour
 + Level 6.6 Dodging
 * Level 9.9 Shields
 + Level 7.2 Evocations


You had 10 spell levels left.
You didn't know any spells.

Dungeon Overview and Level Annotations

Branches:
Dungeon (11/15)            Temple (1/1) D:5            Lair (0/8) D:11
    Orc: D:9-12

Altars:
Ashenzari
Cheibriados
Dithmenos
Fedhas
Gozag
Kikubaaqudgha
Nemelex Xobeh
Okawaru
Pakellas
Qazlal
Ru
Trog
Vehumet
Xom
Zin

Annotations:
D:11 Harold


Innate Abilities, Weirdness & Mutations

You are resistant to damage.
You can recharge devices by infusing magical energy.
You passively map the area around you.
You do not regenerate naturally.


Message History

Harold is lightly wounded.
You slash the plant!
The plant is severely damaged.
You slash the plant!
The plant is moderately damaged.
You closely miss the yak. Harold hits you with a glaive.
* * * LOW HITPOINT WARNING * * *
You block the yak's attack.
You slash Harold!
Harold is lightly wounded.
You hit the plant.
The plant is severely damaged.
You slash the plant!
The plant is heavily damaged.
You slash the yak!
The yak is moderately wounded.
The yak gores you but does no damage. Harold gestures at you while chanting.
The bolt of fire hits you!
You die...

* , ,,, * * ####
#.......# * , ....##
#.......# * ......###
#.....(.# ,PPPP..P.###
#......(# ,
,.PPPP...PP####.(.....# ,
P.PPPP@Y....##.......#
,,,PP.PPPP@P...##.......#
, ,,,
.P.......P.(.........# ,
,>PPP$.PP...###......(#
,, PPP..PPP./.# #...(...#
PP.P..P.PP.# #..<....# ,
, .PP...PP...# #.......#
* , P.PPP...P.##
#.......# , , P..PP.....#
#.......# , PP.PPP..###
#.......#


You could see Harold and a yak.

Vanquished Creatures
  A hydra (D:8)
  3 hill giants
  Pikel (D:6)
  A troll (D:9)
  Sigmund (D:2)
  A wyvern (D:10)
  8 yaks
  2 hippogriffs
  3 hungry ghosts
  An orc warrior (D:9)
  2 slaves (D:6)
  2 ice beasts
  13 wasps (D:10)
  A black bear (D:9)
  2 sky beasts
  4 ogres
  A phantom (D:5)
  13 centaurs
  4 giant frogs
  3 elf zombies (Ossuary)
  4 big kobolds
  3 scorpions
  3 wights (D:9)
  3 killer bees (D:8)
  A howler monkey (D:6)
  2 vampire bats (D:3)
  4 crimson imps
  A giant frog zombie (D:5)
  4 hounds
  A human zombie (Ossuary)
  9 orc priests
  A gnoll shaman (D:7)
  A centaur skeleton (D:5)
  3 giant frog skeletons
  Terence (D:2)
  Ijyb (D:2)
  5 iguanas
  3 orc wizards
  6 worker ants
  2 sheep (D:8)
  A big kobold zombie (Ossuary)
  A hound zombie (D:8)
  4 mummies (Ossuary)
  A worker ant zombie (D:9)
  8 gnolls
  9 adders
  4 shadow imps
  An ooze (D:3)
  2 adder skeletons (D:5)
  9 worms
  4 dart slugs
  3 giant geckos
  32 orcs
  A bat skeleton (D:3)
  4 bat zombies (D:3)
  4 giant cockroaches
  11 goblins
  11 hobgoblins
  4 jackals
  8 kobolds
  3 quokkas
  4 ball pythons
  6 bats
  A giant cockroach zombie (D:6)
  A gnoll zombie (Ossuary)
  A goblin zombie (Ossuary)
  2 hobgoblin zombies (Ossuary)
  3 orc zombies (Ossuary)
  A quokka skeleton (D:8)
  A quokka zombie (D:5)
  6 rats
276 creatures vanquished.

Vanquished Creatures (others)
  A slave (D:6)
  A sky beast (D:11)
  A human (D:5)
  An orc wizard (D:4)
  A river rat (D:11)
  A rat (D:11)
  A fungus (D:11)
7 creatures vanquished.

Grand Total: 283 creatures vanquished

Notes
Turn   | Place    | Note
--------------------------------------------------------------
     0 | D:1      | shmeve the Deep Dwarf Fighter began the quest for the Orb.
     0 | D:1      | Reached XP level 1. HP: 20/20 MP: 1/1
   123 | D:1      | Reached XP level 2. HP: 25/27 MP: 2/2
   350 | D:1      | Reached skill level 1 in Evocations
   723 | D:2      | Reached XP level 3. HP: 28/34 MP: 3/3
   838 | D:2      | Noticed Terence
   855 | D:2      | Killed Terence
   855 | D:2      | Reached XP level 4. HP: 16/42 MP: 4/4
   957 | D:2      | Reached skill level 3 in Axes
   998 | D:2      | Noticed Sigmund
  1008 | D:2      | Killed Sigmund
  1008 | D:2      | Reached skill level 1 in Dodging
  1008 | D:2      | Reached XP level 5. HP: 35/49 MP: 4/6
  1215 | D:2      | Noticed Ijyb
  1231 | D:2      | Killed Ijyb
  1231 | D:2      | Reached XP level 6. HP: 33/57 MP: 7/7
  1445 | D:3      | Found an ancient bone altar of Kikubaaqudgha.
  1710 | D:3      | Found a blossoming altar of Fedhas.
  1711 | D:3      | Found an oddly glowing altar of Pakellas.
  1920 | D:4      | Reached skill level 4 in Axes
  1920 | D:4      | Reached skill level 5 in Shields
  2061 | D:4      | Reached XP level 7. HP: 64/64 MP: 8/8
  2066 | D:4      | Found a shimmering altar of Xom.
  2159 | D:4      | HP: 3/64 [orc priest/divine providence (6)]
  2651 | D:5      | Entered Level 5 of the Dungeon
  2651 | D:5      | Found a staircase to the Ecumenical Temple.
  2667 | Temple   | Entered the Ecumenical Temple
  2681 | Temple   | Became a worshipper of Trog the Wrathful
  2778 | D:5      | Reached skill level 5 in Axes
  2857 | D:5      | Reached skill level 5 in Armour
  3014 | D:5      | Reached XP level 8. HP: 8/73 MP: 8/8
  3077 | D:5      | Found an ancient bone altar of Kikubaaqudgha.
  3302 | D:6      | Reached * piety under Trog
  3306 | D:6      | Noticed Pikel
  3329 | D:6      | Killed Pikel
  3329 | D:6      | Reached skill level 5 in Fighting
  3329 | D:6      | Reached skill level 6 in Axes
  3395 | D:6      | Found a shadowy altar of Dithmenos.
  3663 | D:6      | Found a sand-covered staircase.
  3670 | Ossuary  | Entered an ossuary
  3795 | Ossuary  | Gained mutation: You passively map the area around you. [Deep Dwarf growth]
  3795 | Ossuary  | Reached XP level 9. HP: 30/81 MP: 10/10
  4015 | D:6      | Found a stormy altar of Qazlal.
  4056 | D:7      | Found an oddly glowing altar of Pakellas.
  4325 | D:7      | Reached ** piety under Trog
  4398 | D:7      | Found an iron altar of Okawaru.
  4574 | D:7      | Reached skill level 7 in Axes
  4664 | D:7      | Found a radiant altar of Vehumet.
  4932 | D:8      | Found a sparkling altar of Nemelex Xobeh.
  5013 | D:8      | Reached skill level 5 in Evocations
  5059 | D:8      | Noticed a two-headed hydra
  5067 | D:8      | Reached skill level 8 in Axes
  5073 | D:8      | Killed a two-headed hydra
  5073 | D:8      | Reached skill level 5 in Dodging
  5073 | D:8      | Reached XP level 10. HP: 39/92 MP: 9/11
  5304 | D:9      | Reached *** piety under Trog
  5650 | D:9      | Found an opulent altar of Gozag.
  6039 | D:10     | Entered Level 10 of the Dungeon
  6083 | D:10     | Noticed a hill giant
  6088 | D:10     | Killed a hill giant
  6102 | D:10     | Reached skill level 9 in Axes
  6179 | D:10     | Noticed a hill giant
  6184 | D:10     | Killed a hill giant
  6184 | D:10     | Reached XP level 11. HP: 32/102 MP: 11/13
  6612 | D:11     | Reached **** piety under Trog
  6688 | D:11     | Noticed a hill giant
  6699 | D:11     | Killed a hill giant
  6699 | D:11     | Reached skill level 10 in Axes
  6755 | D:11     | Noticed Harold
  6762 | D:11     | Found a staircase to the Lair.
  6771 | D:11     | Killed from afar by Harold

Skill      XL: |  1  2  3  4  5  6  7  8  9 10 11 |
---------------+----------------------------------+-----
Evocations     | 1 2 3 4 5 6 7 |  7.2
Fighting       | 3 4 5 6 7 8 |  8.0
Shields        | 4 5 6 8 9 |  9.9
Axes           | 3 4 5 6 8 9 10 | 10.0
Armour         | 4 5 6 7 |  7.9
Dodging        | 1 2 3 5 6 |  6.6

Action                   |  1- 3 |  4- 6 |  7- 9 | 10-12 || total
-------------------------+-------+-------+-------+-------++-------
Melee: War axe           |    91 |   141 |   487 |   339 ||  1058
Invok: Burn Spellbooks   |       |       |     2 |     2 ||     4
       Berserk           |       |       |     2 |     6 ||     8
       Trog's Hand       |       |       |     1 |     3 ||     4
 Abil: Device Recharging |       |       |     3 |       ||     3
Evoke: Wand              |       |     3 |    33 |    19 ||    55
  Use: Scroll            |       |     6 |     6 |     1 ||    13
       Potion            |       |     1 |     3 |     2 ||     6
  Eat: Chunk             |       |     4 |    16 |    20 ||    40
Armor: Scale mail        |    45 |    79 |       |       ||   124
       Chain mail        |       |    16 |   100 |       ||   116
       Plate armour      |       |       |   206 |   138 ||   344
Dodge: Dodged            |    24 |    54 |   146 |   100 ||   324
Block: Shield            |    45 |    80 |   351 |   304 ||   780
